| TOP OF THE 1ST |
|
Miami Marlins batting - Pitching for Atlanta Braves : LHP Joe Testa
|
|
Pitching: LHP Joe Testa
|
|
|
Batting: RHB Jeff Garofalo
|
0-0: Ball 1-0: Called Strike 1-1: TRIPLE (Flyball, 89XD, EV 93.1 MPH)
|
|
Batting: RHB Micah Christopher
|
0-0: Ball 1-0: Foul Ball, location: 2F 1-1: Ground out 1-3 (Groundball, 15, EV 68.8 MPH)
|
|
Batting: SHB Matt Altieri
|
0-0: Called Strike 0-1: Swinging Strike 0-2: SINGLE (Groundball, 5D, EV 96.9 MPH) Jeff Garofalo scores
|
|
Batting: RHB Seth Tramontano
|
0-0: Ball Matt Altieri is caught stealing 2nd base 2-4 1-0: Swinging Strike 1-1: Swinging Strike 1-2: Ball 2-2: Strikes out swinging
|
| Top of the 1st over - 1 run, 2 hits, 0 errors, 0 left on base; Miami 1 - Atlanta 0 |
| BOTTOM OF THE 1ST |
|
Atlanta Braves batting - Pitching for Miami Marlins : LHP Dan Tapley
|
|
Pitching: LHP Dan Tapley
|
|
|
Batting: RHB Reilly Hawkins
|
0-0: Ball 1-0: Ball 2-0: Ball 3-0: Called Strike 3-1: Foul Ball, location: 2F 3-2: Base on Balls
|
|
Batting: RHB Itsuo Egami
|
0-0: DOUBLE (Flyball, 78D, EV 100.6 MPH) Reilly Hawkins to third Runner from 3rd tries for Home, SAFE, no throw by CF
|
|
Batting: RHB Jeckel Hester
|
0-0: Ball 1-0: Ball 2-0: Ball Wild Pitch! Itsuo Egami to third 3-0: Called Strike 3-1: Base on Balls
|
|
Batting: RHB Butch Kaiser
|
0-0: Ball 1-0: Called Strike 1-1: Ball 2-1: Swinging Strike 2-2: Foul Ball, location: 2F 2-2: SINGLE (Groundball, 6MD, EV 82.5 MPH) (infield hit) Itsuo Egami scores Jeckel Hester to second
|
|
Batting: RHB Jake Lang
|
0-0: Called Strike 0-1: Swinging Strike 0-2: Strikes out swinging
|
|
Batting: RHB Kanehisa Kubo
|
0-0: Ball 1-0: SINGLE (Line Drive, 6D, EV 93.8 MPH) Jeckel Hester to third Butch Kaiser to second
|
|
Batting: LHB Zack Berney
|
0-0: Foul Ball, location: 2F 0-1: Ball 1-1: Ball 2-1: SINGLE (Groundball, 5D, EV 103.1 MPH) Jeckel Hester scores Butch Kaiser to third Kanehisa Kubo to second
|
|
Batting: RHB Liangde Li
|
0-0: Fielders Choice at 2nd, 5-4 (Groundball, 5S, EV 81.2 MPH) Butch Kaiser scores Kanehisa Kubo to third
|
|
Batting: LHB Colin Worthington
|
0-0: Called Strike 0-1: Called Strike 0-2: Ground out 4-3 (Groundball, 34, EV 110.6 MPH)
|
| Bottom of the 1st over - 4 runs, 4 hits, 0 errors, 2 left on base; Miami 1 - Atlanta 4 |
| TOP OF THE 2ND |
|
Miami Marlins batting - Pitching for Atlanta Braves : LHP Joe Testa
|
|
Batting: RHB Josh Crenwelge
|
0-0: Fly out, F8 (Flyball, 8RS, EV 92.5 MPH)
|
|
Batting: RHB Tommy Hughes
|
0-0: Called Strike 0-1: Ball 1-1: Called Strike 1-2: Ball 2-2: Strikes out swinging
|
|
Batting: LHB Juan Solorzano
|
0-0: Ball 1-0: Foul Ball, location: 2F 1-1: Ball 2-1: Called Strike 2-2: Strikes out swinging
|
| Top of the 2nd over - 0 runs, 0 hits, 0 errors, 0 left on base; Miami 1 - Atlanta 4 |
| BOTTOM OF THE 2ND |
|
Atlanta Braves batting - Pitching for Miami Marlins : LHP Dan Tapley
|
|
Batting: RHB Reilly Hawkins
|
0-0: Ball 1-0: Foul Ball, location: 2F 1-1: Fly out, F9 (Flyball, 9LS, EV 73.1 MPH)
|
|
Batting: RHB Itsuo Egami
|
0-0: Called Strike 0-1: Foul Ball, location: 2F 0-2: Ball 1-2: Ball 2-2: SINGLE (Groundball, 56D, EV 106.9 MPH)
|
|
Batting: RHB Jeckel Hester
|
0-0: Ball 1-0: Ball 2-0: Ball 3-0: Base on Balls Itsuo Egami to second
|
|
Batting: RHB Butch Kaiser
|
0-0: Ball 1-0: Swinging Strike 1-1: Ball 2-1: Ball 3-1: Base on Balls Itsuo Egami to third Jeckel Hester to second
|
|
Batting: RHB Jake Lang
|
0-0: Ball 1-0: Fly out, F7 (Flyball, 7S, EV 88.1 MPH) Runner from 3rd tags up, SCORES, throw by LF
|
|
Pitching: RHP Julio Espinel
|
|
|
Now in LF: Jimmy Groseclose
|
|
|
Batting: RHB Kanehisa Kubo
|
0-0: Ball 1-0: Called Strike 1-1: Reached on error, E5 (Groundball, 56S, EV 81.9 MPH) Jeckel Hester scores Butch Kaiser to third
|
|
Batting: LHB Zack Berney
|
0-0: Foul Ball, location: 2F 0-1: Ball 1-1: Swinging Strike 1-2: Foul Ball, location: 2F 1-2: Ball 2-2: Ball 3-2: Foul Ball, location: 2F 3-2: Foul Ball, location: 2F 3-2: Base on Balls
|
|
Batting: RHB Liangde Li
|
0-0: Called Strike 0-1: Called Strike 0-2: SINGLE (Line Drive, 7LS, EV 93.1 MPH) Butch Kaiser scores Kanehisa Kubo to third Zack Berney to second Runner from 3rd tries for Home, SAFE, throw by LF to home
|
|
Batting: LHB Colin Worthington
|
0-0: Ball 1-0: Foul Ball, location: 2F 1-1: Called Strike 1-2: Ball 2-2: Foul Ball, location: 2F 2-2: Ball 3-2: Strikes out swinging
|
| Bottom of the 2nd over - 4 runs, 2 hits, 1 error, 2 left on base; Miami 1 - Atlanta 8 |
| TOP OF THE 3RD |
|
Miami Marlins batting - Pitching for Atlanta Braves : LHP Joe Testa
|
|
Batting: RHB Gavin Helton
|
0-0: Hit by Pitch
|
|
Batting: LHB Luis Aguilar
|
0-0: Fielders Choice at 2nd, 4-6 (Groundball, 34, EV 90.6 MPH)
|
|
Batting: RHB Jeff Garofalo
|
0-0: Foul Ball, location: 2F 0-1: Called Strike Luis Aguilar is caught stealing 2nd base 2-4 0-2: Fly out, F3 (Flyball, 3D, EV 87.5 MPH)
|
| Top of the 3rd over - 0 runs, 0 hits, 0 errors, 0 left on base; Miami 1 - Atlanta 8 |
| BOTTOM OF THE 3RD |
|
Atlanta Braves batting - Pitching for Miami Marlins : RHP Julio Espinel
|
|
Batting: RHB Reilly Hawkins
|
0-0: Foul Ball, location: 2F 0-1: Ball 1-1: Swinging Strike 1-2: Ball 2-2: Foul Ball, location: 2F 2-2: Ball 3-2: Strikes out swinging
|
|
Batting: RHB Itsuo Egami
|
0-0: Ball 1-0: Foul Ball, location: 2F 1-1: Ground out 5-3 (Groundball, 56, EV 90.0 MPH)
|
|
Pitching: RHP Jose Ramirez
|
|
|
Batting: RHB Jeckel Hester
|
0-0: Ball 1-0: Ball 2-0: Ball 3-0: Base on Balls
|
|
Batting: RHB Butch Kaiser
|
0-0: Ball 1-0: Called Strike Jeckel Hester steals 2nd base 1-1: Ball 2-1: Foul Ball, location: 2F 2-2: Foul Ball, location: 2F 2-2: Foul Ball, location: 2F 2-2: Ground out 1-3 (Groundball, 13S, EV 65.6 MPH)
|
| Bottom of the 3rd over - 0 runs, 0 hits, 0 errors, 1 left on base; Miami 1 - Atlanta 8 |
| TOP OF THE 4TH |
|
Miami Marlins batting - Pitching for Atlanta Braves : LHP Joe Testa
|
|
Batting: RHB Micah Christopher
|
0-0: Called Strike 0-1: Ball 1-1: Ground out 6-3 (Groundball, 6, EV 102.5 MPH)
|
|
Batting: SHB Matt Altieri
|
0-0: Ball 1-0: Ball 2-0: Ball 3-0: Base on Balls
|
|
Batting: RHB Jimmy Groseclose
|
0-0: Ball 1-0: Ball 2-0: Ball 3-0: Called Strike 3-1: Swinging Strike 3-2: SINGLE (Line Drive, 4D, EV 98.8 MPH) Matt Altieri to second
|
|
Batting: RHB Josh Crenwelge
|
0-0: Grounds into double play, 5-4-3 (Groundball, 56, EV 93.8 MPH)
|
| Top of the 4th over - 0 runs, 1 hit, 0 errors, 1 left on base; Miami 1 - Atlanta 8 |
| BOTTOM OF THE 4TH |
|
Atlanta Braves batting - Pitching for Miami Marlins : RHP Jose Ramirez
|
|
Batting: RHB Jake Lang
|
0-0: Ball 1-0: Ball 2-0: Ball 3-0: Base on Balls
|
|
Batting: RHB Kanehisa Kubo
|
0-0: Ball 1-0: Ball 2-0: Ball 3-0: Base on Balls Jake Lang to second
|
|
Batting: LHB Zack Berney
|
0-0: SINGLE (Groundball, 34D, EV 102.5 MPH) Jake Lang to third Kanehisa Kubo to second
|
|
Batting: RHB Liangde Li
|
0-0: Ball 1-0: Ball 2-0: Called Strike 2-1: Ball 3-1: TRIPLE (Line Drive, 89XD, EV 103.1 MPH) Jake Lang scores Kanehisa Kubo scores Zack Berney scores
|
|
Batting: LHB Colin Worthington
|
0-0: Ball 1-0: Foul Ball, location: 2F 1-1: Ball 2-1: Called Strike 2-2: Foul Ball, location: 2F 2-2: Strikes out swinging
|
|
Batting: RHB Reilly Hawkins
|
0-0: Called Strike 0-1: Swinging Strike 0-2: Strikes out swinging
|
|
Batting: RHB Itsuo Egami
|
0-0: Ball 1-0: Called Strike 1-1: Swinging Strike 1-2: Ball 2-2: Fly out, F6 (Line Drive, 6, EV 65.0 MPH)
|
| Bottom of the 4th over - 3 runs, 2 hits, 0 errors, 1 left on base; Miami 1 - Atlanta 11 |
| TOP OF THE 5TH |
|
Miami Marlins batting - Pitching for Atlanta Braves : LHP Joe Testa
|
|
Batting: RHB Tommy Hughes
|
0-0: Ground out 6-3 (Groundball, 6, EV 86.2 MPH)
|
|
Batting: LHB Juan Solorzano
|
0-0: Ball 1-0: Ball 2-0: Foul Ball, location: 2F 2-1: Ball 3-1: Ground out 4-3 (Groundball, 4, EV 83.8 MPH)
|
|
Batting: RHB Gavin Helton
|
0-0: Called Strike 0-1: Called Strike 0-2: Fly out, F8 (Flyball, 8RS, EV 81.2 MPH)
|
| Top of the 5th over - 0 runs, 0 hits, 0 errors, 0 left on base; Miami 1 - Atlanta 11 |
| BOTTOM OF THE 5TH |
|
Atlanta Braves batting - Pitching for Miami Marlins : RHP Jose Ramirez
|
|
Batting: RHB Jeckel Hester
|
0-0: Swinging Strike 0-1: SINGLE (Line Drive, 34D, EV 106.9 MPH)
|
|
Pitching: RHP Brian Glover
|
|
|
Batting: RHB Butch Kaiser
|
0-0: Ball 1-0: Foul Ball, location: 2F 1-1: Called Strike 1-2: Foul Ball, location: 2F 1-2: Ball 2-2: Strikes out swinging
|
|
Batting: RHB Jake Lang
|
0-0: Called Strike 0-1: Ball 1-1: SINGLE (Groundball, 6D, EV 96.9 MPH) Jeckel Hester to second
|
|
Batting: RHB Kanehisa Kubo
|
0-0: Foul Ball, location: 2F 0-1: Called Strike 0-2: Ball 1-2: Ball 2-2: Strikes out looking
|
|
Batting: LHB Zack Berney
|
0-0: Ball 1-0: Ball 2-0: Foul Ball, location: 2F 2-1: Foul Ball, location: 2F 2-2: Ball 3-2: Foul Ball, location: 2F 3-2: Foul Ball, location: 2F 3-2: Foul Ball, location: 2F 3-2: Strikes out swinging
|
| Bottom of the 5th over - 0 runs, 2 hits, 0 errors, 2 left on base; Miami 1 - Atlanta 11 |
| TOP OF THE 6TH |
|
Miami Marlins batting - Pitching for Atlanta Braves : LHP Joe Testa
|
|
Batting: LHB Luis Aguilar
|
0-0: Ball 1-0: Called Strike 1-1: Fly out, F6 (Line Drive, 6, EV 69.4 MPH)
|
|
Batting: RHB Jeff Garofalo
|
0-0: Called Strike 0-1: Fly out, F7 (Flyball, 7D, EV 101.2 MPH)
|
|
Batting: RHB Micah Christopher
|
0-0: Ball 1-0: Ball 2-0: Ball 3-0: Base on Balls
|
|
Batting: SHB Matt Altieri
|
0-0: Called Strike 0-1: Foul Ball, location: 2F 0-2: Ball 1-2: Ball Wild Pitch! Micah Christopher to second 2-2: Fly out, F6 (Popup, 56, EV 61.2 MPH)
|
| Top of the 6th over - 0 runs, 0 hits, 0 errors, 1 left on base; Miami 1 - Atlanta 11 |
| BOTTOM OF THE 6TH |
|
Atlanta Braves batting - Pitching for Miami Marlins : RHP Brian Glover
|
|
Batting: RHB Liangde Li
|
0-0: Swinging Strike 0-1: SINGLE (Line Drive, 89S, EV 105.0 MPH)
|
|
Batting: LHB Colin Worthington
|
0-0: Foul Ball, location: 2F 0-1: Foul Ball, location: 2F 0-2: Strikes out looking
|
|
Pitching: LHP Mark Palomo
|
|
|
Batting: RHB Reilly Hawkins
|
0-0: Ball 1-0: Ball 2-0: Called Strike 2-1: SINGLE (Line Drive, 8RS, EV 108.1 MPH) Liangde Li to second
|
|
Batting: RHB Itsuo Egami
|
0-0: Called Strike 0-1: Ball 1-1: Called Strike 1-2: Ball 2-2: Ball 3-2: DOUBLE (Line Drive, 78D, EV 107.5 MPH) Liangde Li scores Reilly Hawkins to third Runner from 3rd tries for Home, SAFE, throw by CF to home
|
|
Batting: RHB Jeckel Hester
|
0-0: Foul Ball, location: 2F 0-1: Ground out 6-3 (Groundball, 6M, EV 101.2 MPH) Itsuo Egami to third
|
|
Batting: RHB Butch Kaiser
|
0-0: Called Strike 0-1: Ball 1-1: Foul Ball, location: 2F 1-2: Ball 2-2: Ground out 3-1 (Groundball, 34, EV 93.1 MPH)
|
| Bottom of the 6th over - 2 runs, 3 hits, 0 errors, 1 left on base; Miami 1 - Atlanta 13 |
| TOP OF THE 7TH |
|
Miami Marlins batting - Pitching for Atlanta Braves : LHP Joe Testa
|
|
Batting: RHB Jimmy Groseclose
|
0-0: Ball 1-0: Called Strike 1-1: Ball 2-1: Foul Ball, location: 2F 2-2: Ground out 6-3 (Groundball, 6, EV 83.1 MPH)
|
|
Batting: RHB Josh Crenwelge
|
0-0: Ball 1-0: Foul Ball, location: 2F 1-1: Fly out, F7 (Flyball, 78M, EV 95.0 MPH)
|
|
Batting: RHB Tommy Hughes
|
0-0: Called Strike 0-1: Ball 1-1: Ball 2-1: Ground out 5-3 (Groundball, 56S, EV 93.8 MPH)
|
| Top of the 7th over - 0 runs, 0 hits, 0 errors, 0 left on base; Miami 1 - Atlanta 13 |
| BOTTOM OF THE 7TH |
|
Atlanta Braves batting - Pitching for Miami Marlins : LHP Mark Palomo
|
|
Batting: RHB Jake Lang
|
0-0: Foul Ball, location: 2F 0-1: Ball 1-1: Ball 2-1: Ground out 6-3 (Groundball, 4M, EV 100.6 MPH)
|
|
Batting: RHB Kanehisa Kubo
|
0-0: Foul Ball, location: 2F 0-1: Called Strike 0-2: Ball 1-2: Ground out 6-3 (Groundball, 6, EV 102.5 MPH)
|
|
Batting: LHB Zack Berney
|
0-0: Ball 1-0: Ball 2-0: Called Strike 2-1: Ball 3-1: Foul Ball, location: 2F 3-2: Ground out 4-3 (Groundball, 4, EV 83.1 MPH)
|
| Bottom of the 7th over - 0 runs, 0 hits, 0 errors, 0 left on base; Miami 1 - Atlanta 13 |
| TOP OF THE 8TH |
|
Miami Marlins batting - Pitching for Atlanta Braves : LHP Joe Testa
|
|
Batting: LHB Juan Solorzano
|
0-0: Called Strike 0-1: Fly out, F8 (Flyball, 78M, EV 86.9 MPH)
|
|
Batting: RHB Gavin Helton
|
0-0: Called Strike 0-1: Called Strike 0-2: Ball 1-2: Strikes out swinging
|
|
Batting: LHB Luis Aguilar
|
0-0: Ball 1-0: Fly out, F8 (Flyball, 8RM, EV 93.8 MPH)
|
| Top of the 8th over - 0 runs, 0 hits, 0 errors, 0 left on base; Miami 1 - Atlanta 13 |
| BOTTOM OF THE 8TH |
|
Atlanta Braves batting - Pitching for Miami Marlins : LHP Mark Palomo
|
|
Pitching: RHP Ian Newman
|
|
|
Batting: RHB Liangde Li
|
0-0: Ball 1-0: Foul Ball, location: 2F 1-1: Ball 2-1: Ball 3-1: Base on Balls
|
|
Pinch Hitting: LHB Tom Best
|
0-0: Ball 1-0: Ball 2-0: Called Strike 2-1: Called Strike 2-2: Fielders Choice at 2nd, 3-6 (Groundball, 3, EV 90.6 MPH)
|
|
Batting: RHB Reilly Hawkins
|
0-0: Ball 1-0: SINGLE (Flyball, 8RS, EV 95.0 MPH) Tom Best to second
|
|
Batting: RHB Itsuo Egami
|
0-0: Ball 1-0: Called Strike 1-1: Grounds into double play, 5-4-3 (Groundball, 5S, EV 83.1 MPH)
|
| Bottom of the 8th over - 0 runs, 1 hit, 0 errors, 1 left on base; Miami 1 - Atlanta 13 |
| TOP OF THE 9TH |
|
Miami Marlins batting - Pitching for Atlanta Braves : LHP Joe Testa
|
|
Now in LF: Tom Best
|
|
|
Batting: RHB Jeff Garofalo
|
0-0: Swinging Strike 0-1: SINGLE (Flyball, 89S, EV 100.0 MPH)
|
|
Batting: RHB Micah Christopher
|
0-0: SINGLE (Groundball, 56D, EV 106.2 MPH) Jeff Garofalo to second
|
|
Batting: SHB Matt Altieri
|
0-0: Ball 1-0: Ball 2-0: Called Strike 2-1: Foul Ball, location: 2F 2-2: Ball 3-2: SINGLE (Groundball, 23, EV 70.0 MPH) (infield hit) Jeff Garofalo to third Micah Christopher to second
|
|
Batting: RHB Jimmy Groseclose
|
0-0: Called Strike 0-1: Ball 1-1: Ball 2-1: Called Strike 2-2: Ball 3-2: Grounds into double play, 6-4-3 (Groundball, 6, EV 86.9 MPH) Jeff Garofalo scores Micah Christopher to third
|
|
Batting: RHB Josh Crenwelge
|
0-0: Fly out, F4 (Popup, 4, EV 58.1 MPH)
|
| Top of the 9th over - 1 run, 3 hits, 0 errors, 1 left on base; Miami 2 - Atlanta 13 |
|